 Dungeon Crawl Stone Soup version 0.31.0-1-g2c135a008e (webtiles) character file.

Game seed: 9521865436864251296

79 qw the Shooter (level 4, 0/34 HPs)
             Began as a Djinni Hunter on Jan 24, 2024.
             Slain by an orc
             ... wielding a +0 hand axe
              (4 damage)
             ... on level 3 of the Dungeon.
             The game lasted 00:00:05 (1539 turns).

qw the Shooter (Djinni Hunter)                      Turns: 1539, Time: 00:00:06

Health: 0/34       AC:  7    Str: 10    XL:     4   Next: 62%
Gold:   49         EV: 12    Int: 10    God:
                   SH:  0    Dex: 29

rFire   + + .        a - +0 shortbow
rCold   x . .        (shield currently unavailable)
rNeg    . . .        c - +0 ring mail of Rinues {-Cast Dex+4}
rPois   inf          (no helmet)
rElec   +            (no cloak)
rCorr   .            (no gloves)
SInv    +            (boots unavailable)
Will    .....        (no amulet)
Stlth   ++           j - ring of see invisible
HPRegen 0.25/turn    b - +6 ring of dexterity
MPRegen 0.00/turn

%: no spellcasting, infuse magic (-1 HP)
@: flying
A: sickness immunity, fire resistance 2, cold vulnerability 1, float, innate
caster, HP casting, extra vitality 1, iridescent scales 1, electricity
resistance
a: no special abilities


You were on level 3 of the Dungeon.
You visited 1 branch of the dungeon, and saw 3 of its levels.

You collected 49 gold pieces.


Innate Abilities, Weirdness & Mutations

You are immune to sickness and miasma.
You are immune to poison.
Your flesh is very heat resistant. (rF++)
You are vulnerable to cold. (rC-)
You float through the air rather than walking.
You learn spells naturally, not from books.
Your magical power is your life essence.
You have superior vitality. (+4 MHP)
You are partially covered in iridescent scales. (AC +2)
You are resistant to electric shocks. (rElec)


   Skills:
 - Level 2.8 Fighting
 - Level 4.0 Ranged Weapons
 + Level 0.1 Armour
 - Level 3.1 Dodging
 - Level 0.7 Stealth


You knew the following spells:

 Your Spells              Type           Power      Damage    Failure   Level
a - Slow                  Hex            0%         N/A       69%         1
Your spell library was empty.

Inventory:

Hand Weapons
 a - a +0 shortbow (weapon)
Armour
 c - the +0 ring mail of Rinues (worn) {-Cast Dex+4}
   (You acquired it on level 2 of the Dungeon)

   Dex+4:     It affects your dexterity (+4).
   -Cast:     It prevents spellcasting.
Jewellery
 b - a +6 ring of dexterity (right hand)
 j - a ring of see invisible (left hand)
Potions
 h - a potion of heal wounds {unknown}

Dungeon Overview and Level Annotations

Branches:
Dungeon (3/15)

Altars:


Message History

The orc priest is almost dead.
The orc hits you but does no damage. The orc priest barely misses you.
The adder closely misses you.
You shoot an arrow. The arrow hits the orc priest.
The orc priest is almost dead.
The orc hits you with a +0 dagger.
The orc priest hits you with a +2 vampiric hand axe!
The adder barely misses you.
The orc priest hits you but does no damage.
The orc completely misses you. The adder bites you but does no damage.
You shoot an arrow. The arrow hits the orc priest.
You kill the orc priest!
The adder bites you but does no damage. The orc hits you but does no damage.
Your Dodging skill increases to level 3!
You shoot an arrow. The arrow barely misses the orc.
The adder misses you. The orc misses you. The orc hits you with a +0 dagger.
The adder bites you but does no damage. The orc barely misses you.
The orc closely misses you.
You shoot an arrow. The arrow closely misses the orc.
You hear a shout!
The adder barely misses you.
A rat comes into view.
The adder closely misses you. The orc hits you with a +0 hand axe.
The orc hits you with a +0 dagger.
You shoot an arrow. The arrow completely misses the orc.
The rat squeaks loudly.
The adder barely misses you. The orc hits you with a +0 hand axe.
The orc completely misses you. The adder barely misses you.
You shoot an arrow.
The arrow hits the orc but does no damage.
The orc hits you with a +0 hand axe. The orc barely misses you.
The adder misses you. The orc barely misses you. x2
The adder barely misses you.
You shoot an arrow. The arrow hits the orc!
You kill the orc!
The adder misses you. The orc hits you with a +0 hand axe.
You shoot an arrow. The arrow hits the orc.
The orc is almost dead.
The adder bites you but does no damage. The orc hits you with a +0 hand axe.
You die...

#. ./.... # #>#
#....# ..
...#$...# ...
..#.... ....
.#....
.....#....#
......oS#K#####.
#@#.......
#o).#.#
#.....###..7
#...<.......
...r..........#
#......#####...
#o.....# .#
#..#.### ..o...


You could see an adder, 2 orcs and a rat.

Vanquished Creatures
  An orc priest (D:3)
  An adder (D:2)
  An orc (D:3)
  6 ball pythons
  3 endoplasms (D:2)
  2 giant cockroaches
  A hobgoblin (D:1)
  4 jackals (D:2)
  3 quokkas
  4 bats
  5 frilled lizards
  3 goblins
  2 kobolds
  2 rats
38 creatures vanquished.

Notes
Turn   | Place    | Note
-------+----------+-------------------------------------------
     0 | D:1      | qw the Djinni Hunter began the quest for the Orb.
     0 | D:1      | Reached XP level 1. HP: 18/18 MP: 0/0
     0 | D:1      | 0 ||| qw: Version: 0.3-a-136-gdd3b4e8
     0 | D:1      | 0 ||| qw: Game counter: 1342
     0 | D:1      | 0 ||| qw: Melee chars always use a shield: true
     0 | D:1      | 0 ||| qw: God list: Okawaru
     0 | D:1      | 0 ||| qw: Allow faded altars: false
     0 | D:1      | 0 ||| qw: Do Orc after clearing Dungeon:15 true
     0 | D:1      | 0 ||| qw: Do second Lair branch before Depths: true
     0 | D:1      | 0 ||| qw: Lair rune preference: random
     0 | D:1      | 0 ||| qw: Goals: Normal
     0 | D:1      | 0 ||| PLANNING D:1-11
   109 | D:1      | Found a faded altar of an unknown god.
   110 | D:1      | Noticed a golden eye
   115 | D:1      | Noticed an eye of devastation
   119 | D:1      | Noticed a golden eye
   119 | D:1      | Noticed a shining eye
   170 | D:1      | Reached XP level 2. HP: 19/23 MP: 0/0
   705 | D:1      | 705 ||| UPGRADING to ring of see invisible.
   706 | D:1      | 706 ||| READING scroll labelled MEUKUCLOIPN.
   707 | D:1      | 707 ||| READING scroll labelled ETTABIAROLL.
   710 | D:1      | 710 ||| READING 2 scrolls labelled PETAPS KAMNA.
   710 | D:1      | 710 ||| IDENTIFYING smoky dark potion
   711 | D:1      | 711 ||| READING scroll of identify.
   711 | D:1      | 711 ||| IDENTIFYING fuming grey potion
   712 | D:1      | 712 ||| DRINKING potion of mutation.
   712 | D:1      | Gained mutation: You are partially covered in iridescent
                  | scales. (AC +2) [potion of mutation]
   712 | D:1      | Gained mutation: You are resistant to electric shocks.
                  | (rElec) [potion of mutation]
   713 | D:1      | 713 ||| DRINKING 2 yellow potions.
   714 | D:1      | 714 ||| DROPPING scroll of butterflies.
   715 | D:1      | 715 ||| DROPPING potion of lignification.
   716 | D:1      | 716 ||| DROPPING potion of invisibility.
   760 | D:2      | Reached XP level 3. HP: 28/28 MP: 0/0
   760 | D:2      | Learned a level 1 spell: Slow
   789 | D:2      | Reached skill level 4 in Ranged Weapons
  1462 | D:2      | 1462 ||| UPGRADING to +0 ring mail.
  1472 | D:2      | 1472 ||| DROPPING +0 leather armour.
  1473 | D:2      | 1473 ||| UPGRADING to +6 ring of dexterity.
  1474 | D:2      | 1474 ||| READING scroll of identify.
  1474 | D:2      | 1474 ||| IDENTIFYING fuming green potion
  1475 | D:2      | 1475 ||| READING scroll labelled TIURCH NUCAVALL.
  1476 | D:2      | 1476 ||| READING scroll labelled RASAJOLAFRI.
  1476 | D:2      | Identified a scroll of acquirement
  1476 | D:2      | 1476 ||| ACQUIRING +0 ring mail of Rinues {-Cast Dex+4}
  1476 | D:2      | Acquired the +0 ring mail of Rinues {-Cast Dex+4}
  1478 | D:2      | 1478 ||| UPGRADING to +0 ring mail of Rinues {-Cast Dex+4}.
  1488 | D:2      | 1488 ||| DROPPING +0 ring mail.
  1489 | D:2      | 1489 ||| DROPPING potion of magic.
  1523 | D:3      | 1523 ||| RETREEEEATING.
  1524 | D:3      | 1524 ||| RETREEEEATING.
  1525 | D:3      | 1525 ||| RETREEEEATING.
  1529 | D:3      | Reached XP level 4. HP: 34/34 MP: 0/0
  1534 | D:3      | Reached skill level 3 in Dodging
  1537 | D:3      | HP: 7/34 [orc/+0 hand axe (5)]
  1539 | D:3      | Slain by an orc

Levels and vault maps discovered:
D:1:      ebering_hopf_link, layout_basic,
          hellmonk_ecumenical_altar_watching_god
D:2:      layout_loops_ring, kennysheep_nub
D:3:      layout_loops_ring, okawaru_trees_1,
          nicolae_ru_great_annihilating_truth, nicolae_tso_carved_into_rock,
          uniq_natasha

Skill      XL: |  1  2  3  4 |
---------------+-------------+-----
Ranged Weapons | 4 |  4.0
Dodging        | 3 |  3.1
Fighting       | |  2.8
Armour         | |  0.1
Stealth        | |  0.7

Action                     |  1- 3 |  4- 6 || total
---------------------------+-------+-------++-------
   Fire: Shortbow          |    97 |    11 ||   108
    Use: Scroll            |     7 |       ||     7
         Potion            |     2 |       ||     2
 Armour: Leather armour    |    23 |       ||    23
         Ring mail         |     1 |    17 ||    18
  Dodge: Dodged            |    33 |    19 ||    52

Table legend:
 A = Non-vault XP
 B = Vault XP
 C = Vault XP percentage of total XP
 D = Non-vault monster count
 E = Vault monster count
 F = Vault count percentage of total count
                 A         B        C        D         E       F
            +---------+---------+-------+---------+---------+-------
      Total |     113 |       0 |   0.0 |      38 |       0 |   0.0
            +---------+---------+-------+---------+---------+-------
        D:1 |      22 |       0 |   0.0 |      15 |       0 |   0.0
        D:2 |      43 |       0 |   0.0 |      19 |       0 |   0.0
        D:3 |      48 |       0 |   0.0 |       4 |       0 |   0.0
            +---------+---------+-------+---------+---------+-------
